 Dungeon Crawl Stone Soup version 0.27.1-37-g7b29ead8ac (webtiles) character file.

Game seed: 16321866815933482848

45 cbfl8 the Shield-Bearer (level 3, -25/33 HPs)
             Began as a Minotaur Fighter on June 27, 2023.
             Engulfed by a cloud of flame (26 damage)
             ... on level 2 of the Dungeon.
             The game lasted 00:00:49 (1252 turns).

cbfl8 the Shield-Bearer (Minotaur Fighter)          Turns: 1252, Time: 00:00:49

Health: -25/33     AC:  7    Str: 20    XL:     3   Next: 42%
Magic:  2/2        EV:  7    Int:  5    God:
Gold:   58         SH:  9    Dex: 10    Spells: 2/2 levels left

rFire    . . .     SeeInvis .   a - +0 war axe
rCold    . . .     Faith    .   c - +0 kite shield
rNeg     . . .     Spirit   .   b - +0 scale mail
rPois    .         Reflect  .   (helmet restricted)
rElec    .         Harm     .   (no cloak)
rCorr    .         Rampage  .   (no gloves)
Will     .....                  (no boots)
Stlth    ..........             (no amulet)
HPRegen  0.11/turn              (no ring)
MPRegen  0.08/turn              (no ring)

@: no status effects
A: horns 2, retaliatory headbutt
a: no special abilities


You were on level 2 of the Dungeon.
You visited 1 branch of the dungeon, and saw 3 of its levels.

You collected 58 gold pieces.

Inventory:

Hand Weapons
 a - a +0 war axe (weapon)
Armour
 b - a +0 scale mail (worn)
 c - a +0 kite shield (worn)
Potions
 d - 2 potions of might
 e - a potion of attraction {unknown}
 f - a potion of curing {unknown}
 g - a potion of brilliance {unknown}
 j - a potion of flight {unknown}


   Skills:
 + Level 4.1 Fighting
 + Level 2.8 Axes
 + Level 4.1 Armour
 + Level 4.2 Shields
 * Level 0.9 Evocations


You had 2 spell levels left.
You didn't know any spells.
Your spell library contained the following spells:

 Spells                   Type           Power      Damage    Failure   Level
 Summon Guardian Golem    Hex/Summ       0%         N/A       100%        3
 Orb of Destruction       Conj           0%         N/A       100%        7
 Spellforged Servitor     Conj/Summ      0%         N/A       100%        7


Dungeon Overview and Level Annotations

Branches:
Dungeon (3/15)

Altars:


Innate Abilities, Weirdness & Mutations

You have a pair of horns on your head.
You reflexively headbutt those who attack you in melee.


Message History

No target in view!
Key pressed, stopping explore.
No target in view!
Done exploring.
No target in view!
Done exploring.
No target in view!
Done exploring.
No target in view!
Done exploring.
Search for what [Enter for "."]?
There is a stone staircase leading down here.
You climb downwards.
The endoplasm quivers.
There is a stone staircase leading up here.
As you read the scroll labelled XACORO KUNWISH, it crumbles to dust.
You feel aware of your surroundings.
You sensed 1 altar.
It was a scroll of magic mapping.
Unknown command.
As you read the scroll labelled EROMAN MIADGHA, it crumbles to dust.
The creatures around you are filled with an inner flame!
It was a scroll of immolation.
Unknown command.
As you read the scroll labelled NIPAYP MIWAEK, it crumbles to dust.
Wisps of shadow whirl around you...
It was a scroll of summoning.
Your adder bites the endoplasm but does no damage.
The endoplasm hits you.
Your rat bites the endoplasm.
Flame seeps out of the endoplasm.
Your goblin hits the endoplasm with a +0 club.
Flame seeps out of the endoplasm.
You climb upwards.
Your summoned ally is left behind.
There is a stone staircase leading down here.
You slash the endoplasm!
The endoplasm explodes!
The fiery explosion engulfs you!!
Ouch! That really hurt!
* * * LOW HITPOINT WARNING * * *
You are engulfed in blazing flames.
Ouch! That really hurt!
You die...

################## ########
#.....#....##....# #.......
#.....#....##....# ####.......
#.....#....##....#####..........
###...#....##§§@.÷..............
##............§..####...##.....
#..........#§.§................
#..........#.......##..........
#..........#.......##...#......
##........#....###....###......
###........#.#.....###.###......
#............#...#.#...........#
#.............##.#.#...........#


There were no monsters in sight!

Vanquished Creatures
  An adder (D:2)
  2 dart slugs (D:1)
  2 bats (D:1)
  6 endoplasms
  4 giant cockroaches (D:1)
  2 goblins
  2 hobgoblins (D:1)
  3 kobolds
  3 ball pythons
  4 frilled lizards
  A rat (D:2)
30 creatures vanquished.

Vanquished Creatures (others)
  A goblin (D:1)
1 creature vanquished.

Grand Total: 31 creatures vanquished

Notes
Turn   | Place    | Note
-------+----------+-------------------------------------------
     0 | D:1      | cbfl8 the Minotaur Fighter began the quest for the Orb.
     0 | D:1      | Reached XP level 1. HP: 19/19 MP: 0/0
   132 | D:1      | Reached XP level 2. HP: 27/27 MP: 1/1
   834 | D:2      | Reached XP level 3. HP: 33/33 MP: 2/2
  1120 | D:2      | Found a faded altar of an unknown god.
  1252 | D:2      | HP: 1/33 [spore (31)]
  1252 | D:2      | Engulfed by a cloud of flame

Illustrated notes

Levels and vault maps discovered:
D:1:      roderic_chinese_lattice_arrival, layout_rooms, st_stairs_9
D:2:      layout_basic, ebering_ecumenical_altar_rust
D:3:      layout_rooms, mainiacjoe_overflow_alcove_4, serial_forest,
          infiniplex_forest_lined_corner, infiniplex_forest_end_1,
          infiniplex_forest_end_3, infiniplex_forest_side_room,
          infiniplex_forest_side_room, infiniplex_forest_split

Skill      XL: |  1  2  3 |
---------------+----------+-----
Armour         | 4 |  4.1
Fighting       | 4 |  4.1
Shields        | 4 |  4.2
Axes           | |  2.8
Evocations     | |  0.9

Action                   || total
-------------------------++-------
Melee: War axe           ||    60
       Headbutt          ||     4
  Use: Scroll            ||     3
Armor: Scale mail        ||    37
Dodge: Dodged            ||    29
Block: Kite shield       ||    38
